 Seeded DCSS version 0.29.1-15-g9cfb28693d (webtiles) character file.

Game seed: 14132077322704555735 (custom seed)

8294 Gelion the Arsonist (level 11, 0/64 HPs)
             Began as a Deep Elf Fire Elementalist on Mar 30, 2023.
             Was a Priest of Vehumet.
             Slain by a boulder beetle (15 damage)
             ... on level 11 of the Dungeon.
             The game lasted 00:26:19 (10300 turns).

Gelion the Arsonist (Deep Elf Fire Elementalist)   Turns: 10300, Time: 00:26:20

Health: 0/64       AC: 15    Str:  9    XL:     11   Next: 8%
Magic:  13/26      EV: 16    Int: 38    God:    Vehumet [***...]
Gold:   490        SH:  0    Dex: 15    Spells: 15/28 levels left

rFire   . . .      SeeInvis .   n - +3 falchion of the Lonely Friends {protect, rC+ Int+7}
rCold   + . .      Faith    .   (no shield)
rNeg    . . .      Spirit   .   H - +0 steam dragon scales
rPois   +          Reflect  .   d - +1 helmet
rElec   .          Harm     .   g - +2 cloak
rCorr   .          Rampage  .   x - +1 pair of gloves "Zeust" {Str+4}
Will    +....                   J - +2 pair of boots
Stlth   ++........              o - amulet of Vitality {RegenMP++ Regen++}
HPRegen 1.80/turn               i - ring of poison resistance
MPRegen 1.00/turn               a - +6 ring of intelligence

@: no status effects
A: no striking features
a: Renounce Religion


You were on level 11 of the Dungeon.
You worshipped Vehumet.
Vehumet was most pleased with you.
You visited 2 branches of the dungeon, and saw 12 of its levels.
You also visited: Sewer and Ossuary.

You collected 655 gold pieces.
You spent 165 gold pieces at shops.

Inventory:

Hand Weapons
 n - the +3 falchion of the Lonely Friends (weapon) {protect, rC+ Int+7}
   (You found it on level 11 of the Dungeon)

   It grants its wielder temporary protection when it strikes (+7 to AC).
   Int:       It affects your intelligence (+7).
   rC:        It protects you from cold.
Armour
 d - a +1 helmet (worn)
 g - a +2 cloak (worn)
 x - the +1 pair of gloves "Zeust" (worn) {Str+4}
   (You found it on level 5 of the Dungeon)

   Str:       It affects your strength (+4).
 H - +0 steam dragon scales (worn)
 J - a +2 pair of boots (worn)
Jewellery
 a - a +6 ring of intelligence (right hand)
 i - a ring of poison resistance (left hand)
 o - the amulet of Vitality (around neck) {RegenMP++ Regen++}
   (You found it in a sewer)

   [amulet of magic regeneration]

   It increases your rate of magic regeneration.
   Regen:     It increases your rate of health regeneration.
 w - a ring of resist corrosion
Wands
 u - a wand of flame (46)
 F - a wand of mindburst (12)
 I - a wand of charming (15)
Scrolls
 c - a scroll of identify
 e - 7 scrolls of teleportation
 j - 3 scrolls of magic mapping
 m - 2 scrolls of vulnerability
 A - a scroll of brand weapon
 B - 2 scrolls of blinking
 C - 9 scrolls of poison
 E - a scroll of fear
Potions
 b - 3 potions of magic
 f - 4 potions of resistance
 h - 5 potions of curing
 k - a potion of berserk rage {unknown}
 l - 4 potions of lignification
 p - 2 potions of ambrosia
 q - a potion of brilliance
 r - 4 potions of flight
 s - 2 potions of mutation
 v - a potion of might {unknown}
 z - 4 potions of heal wounds
 D - a potion of attraction {unknown}
 G - 3 potions of cancellation {unknown}


   Skills:
 + Level 5.3 Fighting
 + Level 8.2 Dodging
 - Level 2.4 Stealth
 + Level 9.1 Spellcasting
 * Level 10.1 Conjurations
 * Level 10.6 Fire Magic


You had 15 spell levels left.
You knew the following spells:

 Your Spells              Type           Power      Damage    Failure   Level
a - Foxfire               Conj/Fire      100%       2x1d9     1%          1
b - Scorch                Fire           100%       2d10      1%          2
c - Flame Wave            Conj/Fire      77%        2d17      1%          4
d - Fireball              Conj/Fire      38%        3d16      1%          5
e - Sandblast             Erth           34%        2d9       1%          1

Your spell library contained the following spells:

 Spells                   Type           Power      Damage    Failure   Level
 Poisonous Vapours        Pois/Air       34%        N/A       1%          2
 Magic Dart               Conj           100%       1d8       1%          1
 Searing Ray              Conj           100%       2d8       1%          2
 Conjure Flame            Conj/Fire      77%        6-21      1%          3
 Inner Flame              Hex/Fire       55%        N/A       1%          3
 Fulminant Prism          Conj/Hex       27%        3d14      1%          4
 Starburst                Conj/Fire      38%        6d11      1%          6
 Sublimation of Blood     Necr           17%        N/A       3%          2
 Wereblood                Tmut           17%        N/A       3%          2
 Portal Projectile        Hex/Tloc       34%        N/A       7%          3
 Tukima's Dance           Hex            17%        N/A       7%          3
 Ignition                 Fire           39%        3d12      41%         8
 Blade Hands              Tmut           8%         N/A       52%         5
 Summon Hydra             Summ           8%         N/A       100%        7


Dungeon Overview and Level Annotations

Branches:
Dungeon (11/15)            Temple (1/1) D:5             Orc (0/2) D:10
  Sewer (visited)         Ossuary (visited)
   Lair: D:8-11

Altars:
Ashenzari
Dithmenos
Elyvilon
Fedhas
Gozag
Hepliaklqana
Kikubaaqudgha
Makhleb
Nemelex Xobeh
Okawaru
Qazlal
Ru
Sif Muna
Trog
Uskayaw
Vehumet
Wu Jian
Xom
Yredelemnul
Zin
The Shining One

Shops:
D:3 (   D:7 *


Message History

Vehumet accepts your kill.
You feel your power returning.
A boulder beetle comes into view.
Casting: Fireball (dangerous; 1% risk of failure)
Confirm with . or Enter, or press ? or * to list all spells.
Flames lash the boulder beetle but do no damage.
Casting: Scorch (safe; 1% risk of failure)
Confirm with . or Enter, or press ? or * to list all spells.
Flames lash the boulder beetle but do no damage.
The boulder beetle barely misses you.
Casting: Scorch (safe; 1% risk of failure)
Confirm with . or Enter, or press ? or * to list all spells.
Flames lash the boulder beetle.
The boulder beetle is lightly wounded.
The boulder beetle's fire resistance burns away.
The boulder beetle bites you!
Casting: Scorch (safe; 1% risk of failure)
Confirm with . or Enter, or press ? or * to list all spells.
Aiming: Fireball (dangerous; 1% risk of failure)
Press: ? - help, Shift-Dir - straight line The fireball explodes!
The fireball engulfs the boulder beetle.
The boulder beetle is burned terribly!
The boulder beetle is lightly wounded.
The boulder beetle bites you!!
Casting: Fireball (dangerous; 1% risk of failure)
Confirm with . or Enter, or press ? or * to list all spells.
Casting: Flame Wave (safe; 1% risk of failure)
Press: ? - help, Dir - look around, f - activate A wave of flame ripples out!
The flame wave engulfs the boulder beetle but does no damage.
The boulder beetle is lightly wounded. (Press . to intensify the flame waves.)
The boulder beetle bites you!!
* * * LOW HITPOINT WARNING * * *
A wave of flame ripples out!
The flame wave engulfs the boulder beetle but does no damage.
The boulder beetle is lightly wounded.
The boulder beetle bites you!
You die...

. . .## .. #
#.#####.## #
......... #
#######.B.....) #
######......@#
#####......#######
'.....######
####### # # #
########


You could see a boulder beetle (combustible).

Vanquished Creatures
  A boulder beetle (D:11)
  2 two-headed ogres
  Maggie (D:7)
  2 trolls
  A wraith (Ossuary)
  2 wyverns
  9 yaks
  A basilisk (D:11)
  3 steam dragons
  Edmund (D:4)
  A water moccasin (D:5)
  3 acid dragons
  Duvessa (D:7)
  4 orc warriors
  A black bear (D:4)
  2 ice beasts
  4 centaurs
  2 kobold brigands
  3 bullfrogs
  2 necrophages
  2 gnoll sergeants (D:9)
  Dowan (D:7)
  7 killer bees (D:10)
  2 howler monkeys (D:6)
  An electric eel (D:6)
  2 hounds (D:5)
  A jelly (D:8)
  5 orc priests
  A human zombie (Ossuary)
  Natasha (thrice) (D:2)
  An iguana (D:5)
  3 orc wizards
  3 mummies (Ossuary)
  Robin (D:4)
  8 gnolls
  11 adders
  3 white imps
  2 ufetubi
  5 dart slugs
  37 orcs
  18 ball pythons
  2 bats
  14 endoplasms
  13 giant cockroaches
  A gnoll zombie (Ossuary)
  11 hobgoblins
  9 jackals
  11 kobolds
  11 quokkas
  12 frilled lizards
  14 goblins
  2 goblin zombies (Ossuary)
  3 hobgoblin zombies (Ossuary)
  2 kobold zombies (Ossuary)
  5 rats
273 creatures vanquished.

Vanquished Creatures (others)
  An orc (D:6)
  861 foxfires
  5 plants (D:6)
867 creatures vanquished.

Grand Total: 1140 creatures vanquished

Notes
Turn   | Place    | Note
-------+----------+-------------------------------------------
     0 | D:1      | Gelion the Deep Elf Fire Elementalist began the quest for
                  | the Orb.
     0 | D:1      | Reached XP level 1. HP: 10/10 MP: 6/6
   260 | D:1      | Reached XP level 2. HP: 14/16 MP: 0/8
   264 | D:1      | Learned a level 2 spell: Scorch
   771 | D:1      | Reached XP level 3. HP: 20/20 MP: 5/9
   854 | D:1      | Found a faded altar of an unknown god.
  1494 | D:2      | Reached XP level 4. HP: 24/24 MP: 7/11
  1754 | D:2      | Noticed Natasha
  1762 | D:2      | Killed Natasha
  1763 | D:2      | Reached skill level 1 in Fighting
  2003 | D:2      | Noticed Natasha
  2010 | D:2      | Killed Natasha
  2014 | D:2      | Noticed Natasha
  2022 | D:2      | Killed Natasha
  2023 | D:2      | Reached XP level 5. HP: 16/29 MP: 1/12
  2182 | D:3      | Learned a level 4 spell: Flame Wave
  2913 | D:3      | Found Muely's Weapon Shoppe.
  3513 | D:4      | Noticed a black bear
  3521 | D:4      | Killed a black bear
  3522 | D:4      | Reached skill level 5 in Fire Magic
  3522 | D:4      | Reached XP level 6. HP: 34/34 MP: 8/14
  3522 | D:4      | Noticed Edmund
  3580 | D:4      | Killed Edmund
  3893 | D:4      | Noticed Robin
  3906 | D:4      | Killed Robin
  4204 | D:4      | Reached XP level 7. HP: 40/40 MP: 11/16
  4576 | D:5      | Entered Level 5 of the Dungeon
  4668 | D:5      | Found a staircase to the Ecumenical Temple.
  4786 | D:5      | Found a glowing drain.
  4859 | Sewer    | Entered a sewer
  5204 | Sewer    | Found the amulet of Vitality {RegenMP++ Regen++}
  5215 | Sewer    | Reached skill level 5 in Spellcasting
  5355 | D:5      | Reached skill level 5 in Conjurations
  5371 | D:5      | Found a burning altar of Makhleb.
  5424 | D:5      | Found a glowing silver altar of Zin.
  5424 | D:5      | Noticed an angel
  5425 | D:5      | Noticed an Executioner
  5501 | D:5      | Found a hide-covered altar of Uskayaw.
  5501 | D:5      | Found a bloodstained altar of Trog.
  5710 | D:5      | Identified the +4 hand axe "Gonlasmo" {vorpal, Dex+2}
  5838 | D:5      | Reached XP level 8. HP: 45/45 MP: 16/18
  6024 | D:5      | Identified the +1 pair of gloves "Zeust" {Str+4}
  6226 | Temple   | Entered the Ecumenical Temple
  6262 | Temple   | Became a worshipper of Vehumet
  6561 | D:6      | Reached skill level 5 in Dodging
  6562 | D:6      | Found a sand-covered staircase.
  6570 | Ossuary  | Entered an ossuary
  7176 | D:6      | Reached * piety under Vehumet
  7176 | D:6      | Offered knowledge of Shock by Vehumet.
  7183 | D:6      | Learned a level 5 spell: Fireball
  7733 | D:7      | Noticed Maggie
  7745 | D:7      | Noticed a troll
  7746 | D:7      | Killed Maggie
  7747 | D:7      | Reached XP level 9. HP: 24/51 MP: 6/21
  7771 | D:7      | Killed a troll
  8143 | D:7      | Noticed Duvessa
  8143 | D:7      | Noticed Dowan
  8144 | D:7      | Killed Dowan
  8146 | D:7      | Killed Duvessa
  8349 | D:7      | Found Lipaisik's General Store.
  8358 | D:7      | Bought a +2 pair of boots for 165 gold pieces
  8761 | D:8      | Found a white marble altar of Elyvilon.
  9320 | D:9      | Reached XP level 10. HP: 56/58 MP: 23/23
  9365 | D:9      | Noticed a two-headed ogre
  9368 | D:9      | Killed a two-headed ogre
  9416 | D:9      | You fall into a shaft and drop 1 floor!
  9416 | D:10     | Entered Level 10 of the Dungeon
  9441 | D:10     | Reached ** piety under Vehumet
  9473 | D:10     | Offered knowledge of Sandblast by Vehumet.
  9476 | D:10     | Learned a level 1 spell: Sandblast
  9698 | D:10     | Reached skill level 10 in Fire Magic
  9741 | D:10     | Offered knowledge of Poisonous Vapours by Vehumet.
 10017 | D:10     | Found a staircase to the Orcish Mines.
 10080 | D:11     | Noticed a two-headed ogre
 10085 | D:11     | Killed a two-headed ogre
 10086 | D:11     | Reached skill level 5 in Fighting
 10150 | D:11     | Reached *** piety under Vehumet
 10219 | D:11     | Identified the +3 falchion of the Lonely Friends {protect,
                  | rC+ Int+7}
 10260 | D:11     | Reached skill level 10 in Conjurations
 10260 | D:11     | Reached XP level 11. HP: 54/64 MP: 19/26
 10285 | D:11     | Noticed a boulder beetle
 10289 | D:11     | Killed a boulder beetle
 10294 | D:11     | Noticed a boulder beetle
 10300 | D:11     | Slain by a boulder beetle

Illustrated notes

Levels and vault maps discovered:
D:1:      wheals_arrival_shading, layout_basic, shapermc_ecumenical_altar_petra,
          nicolae_grassy_gnolls
D:2:      layout_rooms, chequers_serial_rivers_room_a, uniq_natasha
D:3:      layout_rooms, serial_shops, shop
D:4:      layout_cave_pods, chequers_mini_garden, uniq_edmund, uniq_robin
D:5:      minmay_spotlight, layout_basic,
          grunt_temple_overflow_order_and_chaos_2,
          chequers_temple_overflow_statue_of_worship, minmay_temple_entry_grid,
          gup_sewer_entry_pipe, serial_corexii_hall,
          chequers_hall_statues_corner_a, chequers_hall_statues_y,
          chequers_hall_statues_y, corexii_hall_statues_l
D:6:      layout_basic, chequers_ossuary_entry_cave, serial_bayou_ford_a
D:7:      dreamdust_elfheim, layout_loops_corners, serial_shops,
          nicolae_square_shop, uniq_maggie, uniq_duvessa
D:8:      layout_basic, mainiacjoe_overflow_cross_hatched
D:9:      layout_roguey, lemuel_crystal_altar, grunt_ministairs_9
D:10:     layout_long_grid, hiddenorc1_lemuel, st_stairs_3
D:11:     layout_roguey, dpeg_oklobed_lair, bloody_trog
Temple:   nicolae_temple_superstar

Skill      XL: |  1  2  3  4  5  6  7  8  9 10 |
---------------+-------------------------------+-----
Conjurations   | 2 3 4 5 6 8 10 | 10.1
Dodging        | 3 4 5 6 8 |  8.2
Fire Magic     | 4 5 6 7 9 10 | 10.6
Fighting       | 1 2 3 4 5 |  5.3
Spellcasting   | 4 5 6 7 9 |  9.1
Stealth        | |  2.4

Action                   |  1- 3 |  4- 6 |  7- 9 | 10-12 || total
-------------------------+-------+-------+-------+-------++-------
 Cast: Foxfire           |    73 |   146 |   245 |    53 ||   517
       Scorch            |       |     2 |    63 |    22 ||    87
       Fireball          |       |       |     8 |    11 ||    19
       Flame Wave        |       |       |     1 |     8 ||     9
  Use: Scroll            |       |     6 |    14 |     2 ||    22
Armor: Robe              |     6 |     2 |    20 |       ||    28
       Steam dragon scal |       |       |     9 |     2 ||    11
Dodge: Dodged            |     9 |     7 |    53 |    12 ||    81
